 Dungeon Crawl Stone Soup version 0.30-a0-570-g486de37d69 (webtiles) character file.

Game seed: 9935821175611917967

28485 Ijustatesigmund the Dancer (level 13, 0/123 HPs)
             Began as a Hill Orc Fighter on Dec 29, 2022.
             Was a High Priest of Uskayaw.
             Constricted to death by Jorgrun (9 damage)
             ... on level 1 of the Orcish Mines.
             The game lasted 00:21:43 (15122 turns).

Ijustatesigmund the Dancer (Hill Orc Fighter)      Turns: 15122, Time: 00:21:44

Health: 0/123      AC: 17    Str: 31    XL:     13   Next: 39%
Magic:  24/24      EV: 11    Int: 12    God:    Uskayaw [*****.]
Gold:   792        SH:  6    Dex: 14    Spells: 12/12 levels left

rFire   . . .      SeeInvis +    a - +1 war axe (venom)
rCold   + . .      Faith    .    c - +1 buckler
rNeg    . . .      Spirit   .    b - +0 plate armour
rPois   .          Reflect  .    (no helmet)
rElec   .          Harm     .    m - +2 cloak of Banij {Str+7 Int+4 Dex+4}
rCorr   .          Rampage  .    (no gloves)
Will    .....                    (no boots) Stlth
                                 (no amulet)
HPRegen 0.40/turn                i - +5 ring of evasion
MPRegen 0.19/turn                f - ring of see invisible

@: grasped by roots, constricted
A: hooves 1, cold resistance 1
a: Renounce Religion, Stomp, Line Pass, Grand Finale


You were on level 1 of the Orcish Mines.
You worshipped Uskayaw.
Uskayaw was pleased with you.
You visited 2 branches of the dungeon, and saw 15 of its levels.
You also visited: Ossuary.

You collected 909 gold pieces.
You spent 117 gold pieces at shops.

Inventory:

Hand Weapons
 a - a +1 war axe of venom (weapon)
 s - a +4 flail of protection
Armour
 b - a +0 plate armour (worn)
 c - a +1 buckler (worn)
 m - the +2 cloak of Banij (worn) {Str+7 Int+4 Dex+4}
   (You found it on level 2 of the Dungeon)

   Str:       It affects your strength (+7).
   Int:       It affects your intelligence (+4).
   Dex:       It affects your dexterity (+4).
 J - +0 acid dragon scales
Jewellery
 f - a ring of see invisible (right hand)
 h - a ring of wizardry
 i - a +5 ring of evasion (left hand)
 A - a ring of positive energy
 H - a ring of magical power
 I - a +6 ring of dexterity
Wands
 q - a wand of polymorph (17)
 v - a wand of paralysis (12)
 E - a wand of roots (10)
Scrolls
 k - 3 scrolls of fog
 o - 4 scrolls of poison
 p - a scroll of identify
 t - 3 scrolls of teleportation
 D - 5 scrolls of fear
 L - a scroll of blinking
 M - a scroll of amnesia
Potions
 d - 2 potions of might
 e - 2 potions of resistance
 g - 3 potions of cancellation
 j - 4 potions of lignification
 l - 3 potions of flight
 n - 2 potions of invisibility
 r - a potion of attraction
 u - a potion of heal wounds
 w - a potion of haste
 x - 4 potions of curing
 z - 2 potions of ambrosia
 B - 4 potions of mutation
 C - 4 potions of brilliance


   Skills:
 + Level 13.9 Fighting
 + Level 14.7 Axes
 - Level 9.4 Armour
 - Level 4.1 Dodging
 - Level 6.5 Shields
 + Level 15.1 Invocations
 - Level 4.3 Evocations


You had 12 spell levels left.
You didn't know any spells.
Your spell library contained the following spells:

 Spells                   Type           Power      Damage    Failure   Level
 Freeze                   Ice            0%         1d3       96%         1
 Sandblast                Erth           0%         2d4       96%         1
 Passwall                 Tmut/Erth      0%         N/A       99%         2
 Frozen Ramparts          Ice            0%         1d1       100%        3
 Gell's Gravitas          Tloc           0%         N/A       100%        3
 Hailstorm                Conj/Ice       0%         3d3       100%        3
 Ignite Poison            Fire/Tmut/Pois 0%         N/A       100%        3
 Kindle Blastsparks       Fire/Tloc/Air  0%         2d10      100%        3
 Lesser Beckoning         Tloc           0%         N/A       100%        3
 Stone Arrow              Conj/Erth      0%         3d7       100%        3
 Teleport Other           Tloc           0%         N/A       100%        3
 Vhi's Electric Charge    Tloc/Air       0%         N/A       100%        3
 Alistair's Intoxication  Tmut/Pois      0%         N/A       100%        5
 Arcjolt                  Conj/Air       0%         1d10      100%        5
 Borgnjor's Vile Clutch   Necr/Erth      0%         N/A       100%        5
 Freezing Cloud           Conj/Ice/Air   0%         6-21      100%        5
 Eringya's Noxious Bog    Tmut/Pois      0%         N/A       100%        6
 Maxwell's Capacitive Co  Air            0%         ∞         100%        8


Dungeon Overview and Level Annotations

Branches:
Dungeon (14/15)            Temple (0/1) D:4            Lair (0/5) D:10
    Orc (1/2) D:12        Ossuary (visited)
 Vaults: D:13-14

Altars:
Ashenzari
Cheibriados
Makhleb
Nemelex Xobeh
Uskayaw
Wu Jian
Xom
Yredelemnul
Zin
The Shining One

Shops:
D:9 *   D:11 !   D:13 =

Annotations:
D:10 1 runed translucent door, paps's ghost, novice OpSu
Orc:1 Jorgrun


Innate Abilities, Weirdness & Mutations

You have large cloven feet.
Your flesh is cold resistant. (rC+)


Message History

You are too injured to fight recklessly!
You are too injured to fight recklessly!
You are too injured to fight recklessly!
You are too injured to fight recklessly!
You are too injured to fight recklessly!
You are too injured to fight recklessly!
You are too injured to fight recklessly!
You are too injured to fight recklessly!
You are too injured to fight recklessly!
You are too injured to fight recklessly!
You are too injured to fight recklessly!
You are too injured to fight recklessly!
You slice Jorgrun!!
Jorgrun looks as sick as possible!
Your kick misses Jorgrun.
Jorgrun is severely wounded.
You hit Jorgrun.
Jorgrun looks as sick as possible!
Your kick misses Jorgrun.
Jorgrun is severely wounded.
Jorgrun drinks a potion.
Jorgrun is healed!
Jorgrun looks more healthy.
The grasping roots constrict you!
You closely miss Jorgrun. You kick Jorgrun, but do no damage.
Jorgrun is heavily wounded.
Jorgrun hits you with a +0 heavy quarterstaff!
* * * LOW HITPOINT WARNING * * *
The grasping roots constrict you.
* * * LOW HITPOINT WARNING * * *
You slice Jorgrun!!
Jorgrun looks as sick as possible!
Your kick misses Jorgrun.
Jorgrun is severely wounded.
You closely miss Jorgrun. Your kick misses Jorgrun.
Jorgrun is almost dead.
Jorgrun gestures at you while chanting. The iron shot misses you.
The grasping roots constrict you!
* * * LOW HITPOINT WARNING * * *
You slash Jorgrun!
Jorgrun looks as sick as possible!
Your kick misses Jorgrun.
Jorgrun is almost dead.
Jorgrun casts a spell at you. The iron shot hits you!
* * * LOW HITPOINT WARNING * * *
The grasping roots constrict you!
You die...

#$...............
##..........$...
#.......).......
#...............
#..>...)...$...
##...........##
#.............#
#.....)......$.
#.....@........
#..$...g........
##...........$..
#..........$...
##.##......###.
## .......#
.....>...
...........


You could see Jorgrun (extremely poisoned).

Vanquished Creatures
  A storm dragon (D:13)
  An orc warlord (D:12)
  Snorg (D:11)
  Fannar (D:11)
  A rakshasa (D:11)
  A centaur warrior (D:13)
  A boulder beetle (D:13)
  6 two-headed ogres
  Nergalle (Orc:1)
  An orc sorcerer (Orc:1)
  A deep elf pyromancer (D:12)
  An ugly thing (D:12)
  2 cyclopes (D:12)
  A manticore (D:11)
  Maurice (D:12)
  Joseph (D:10)
  An unseen horror (D:11)
  A rime drake (D:10)
  A kobold demonologist (D:12)
  2 efreet
  2 trolls
  3 meliai (D:13)
  2 hornets
  6 slime creatures (D:13)
  3 shadows
  A water elemental (D:13)
  2 vampires
  2 wyverns
  21 yaks
  3 acid dragons
  2 wargs
  A water moccasin (D:6)
  8 ice beasts
  11 orc warriors
  A sky beast (D:5)
  7 ogres
  3 wolves (D:10)
  A phantom (D:5)
  4 centaurs
  An elf zombie (Ossuary)
  3 kobold brigands
  5 bullfrogs
  3 necrophages
  3 scorpions
  14 wights
  An electric eel (D:13)
  5 howler monkeys
  A centaur zombie (Ossuary)
  6 hounds
  A jelly (D:5)
  7 orc priests
  4 iguanas
  Terence (D:2)
  10 orc wizards
  3 mummies
  Robin (D:3)
  4 gnolls
  4 adders
  A shadow imp (D:6)
  A white imp (D:8)
  An adder zombie (Ossuary)
  2 worms
  A dart slug (D:4)
  51 orcs
  8 ball pythons
  3 bats
  9 endoplasms
  A giant cockroach (D:3)
  21 goblins
  15 hobgoblins
  4 jackals (D:2)
  4 frilled lizards
  2 goblin zombies (Ossuary)
  15 hobgoblin zombies (Ossuary)
  16 kobolds
  8 kobold zombies (Ossuary)
  5 orc zombies (Ossuary)
  5 rats
  4 rat zombies (Ossuary)
364 creatures vanquished.

Vanquished Creatures (others)
  2 withered plants (D:10)
2 creatures vanquished.

Grand Total: 366 creatures vanquished

Notes
Turn   | Place    | Note
-------+----------+-------------------------------------------
     0 | D:1      | Ijustatesigmund the Hill Orc Fighter began the quest for
                  | the Orb.
     0 | D:1      | Reached XP level 1. HP: 19/19 MP: 1/1
   166 | D:1      | Reached XP level 2. HP: 22/27 MP: 2/2
   567 | D:1      | Found a basalt altar of Yredelemnul.
   686 | D:2      | Noticed Terence
   696 | D:2      | Killed Terence
   697 | D:2      | Reached XP level 3. HP: 25/34 MP: 3/3
   806 | D:2      | Reached XP level 4. HP: 26/41 MP: 4/4
   999 | D:2      | Reached skill level 5 in Fighting
  1000 | D:2      | Identified the +2 cloak of Banij {Str+7 Int+4 Dex+4}
  1289 | D:3      | Found a faded altar of an unknown god.
  1555 | D:3      | Noticed Robin
  1988 | D:3      | Found a hide-covered altar of Uskayaw.
  1990 | D:3      | Found a glowing golden altar of the Shining One.
  1990 | D:3      | Found a glowing silver altar of Zin.
  1992 | D:3      | Became a worshipper of Uskayaw the Reveller
  2057 | D:3      | Reached * piety under Uskayaw
  2062 | D:3      | Reached ** piety under Uskayaw
  2063 | D:3      | Killed Robin
  2131 | D:3      | Reached XP level 5. HP: 48/48 MP: 5/5
  2277 | D:4      | Noticed an ogre
  2282 | D:4      | Reached *** piety under Uskayaw
  2283 | D:4      | Killed an ogre
  2284 | D:4      | Reached skill level 5 in Axes
  2284 | D:4      | Reached skill level 1 in Invocations
  2406 | D:4      | Reached skill level 2 in Invocations
  2406 | D:4      | Reached XP level 6. HP: 30/57 MP: 7/7
  2554 | D:4      | Reached **** piety under Uskayaw
  2555 | D:4      | Reached skill level 3 in Invocations
  2560 | D:4      | Reached XP level 7. HP: 59/63 MP: 5/9
  2696 | D:4      | Found a staircase to the Ecumenical Temple.
  2825 | D:4      | Found a snail-covered altar of Cheibriados.
  3142 | D:5      | Entered Level 5 of the Dungeon
  3232 | D:5      | Reached skill level 5 in Armour
  3234 | D:5      | Reached skill level 4 in Invocations
  3786 | D:5      | Reached XP level 8. HP: 42/71 MP: 11/11
  4233 | D:5      | Reached skill level 5 in Invocations
  4633 | D:6      | Found a sand-covered staircase.
  4649 | Ossuary  | Entered an ossuary
  4814 | Ossuary  | Reached skill level 6 in Invocations
  5208 | D:6      | Reached XP level 9. HP: 69/81 MP: 13/13
  5571 | D:6      | Reached skill level 10 in Fighting
  5571 | D:6      | Reached skill level 10 in Invocations
  5571 | D:6      | Reached XP level 10. HP: 94/94 MP: 14/17
  5749 | D:7      | Found a burning altar of Makhleb.
  6420 | D:7      | Reached skill level 1 in Dodging
  6667 | D:7      | Found a sparkling altar of Nemelex Xobeh.
  7057 | D:8      | Reached ***** piety under Uskayaw
  7219 | D:8      | Identified the +1 plate armour "Luutiop" {Fly rN+ Int-3
                  | Slay+3}
  7238 | D:8      | Found a shimmering altar of Xom.
  7351 | D:8      | Found a broken altar of Ashenzari.
  7799 | D:9      | Noticed a two-headed ogre
  8008 | D:10     | Entered Level 10 of the Dungeon
  8230 | D:10     | Noticed a two-headed ogre
  8239 | D:10     | Killed a two-headed ogre
  8240 | D:10     | Reached skill level 11 in Invocations
  8240 | D:10     | Reached XP level 11. HP: 91/102 MP: 19/19
  8307 | D:10     | Found a runed translucent door.
  8308 | D:10     | Noticed paps's ghost (novice OpSu)
  8393 | D:10     | Noticed Joseph
  8409 | D:10     | Killed Joseph
  8410 | D:10     | Reached skill level 5 in Shields
  8493 | D:10     | Noticed a two-headed ogre
  8501 | D:10     | Killed a two-headed ogre
  8653 | D:10     | Found a staircase to the Lair.
  8737 | D:10     | Noticed a two-headed ogre
  8758 | D:10     | Killed a two-headed ogre
  8832 | D:10     | Noticed a two-headed ogre
  8848 | D:11     | Noticed Snorg
  8891 | D:11     | Noticed a manticore
  8910 | D:11     | Reached ****** piety under Uskayaw
  9163 | D:11     | Noticed a rakshasa
  9172 | D:10     | Killed a two-headed ogre
  9173 | D:10     | Reached skill level 12 in Invocations
  9692 | D:9      | Reached XP level 12. HP: 97/112 MP: 21/21
  9752 | D:9      | Paralysed by a hornet for 1 turns
 10104 | D:9      | Found Kamifiar's Gadget Gallery.
 10135 | D:9      | Reached skill level 1 in Evocations
 10243 | D:9      | Killed a two-headed ogre
 10393 | D:9      | Found an ornate altar of the Wu Jian Council.
 10706 | D:11     | Killed Snorg
 10707 | D:11     | Reached skill level 13 in Invocations
 10707 | D:11     | Found Dolyv's Distillery.
 10720 | D:11     | Bought a potion of heal wounds for 65 gold pieces
 10720 | D:11     | Bought a potion of might for 52 gold pieces
 10745 | D:11     | Killed a rakshasa
 10995 | D:11     | Noticed Fannar
 11009 | D:11     | Killed Fannar
 11284 | D:12     | Found a staircase to the Orcish Mines.
 11359 | D:12     | Noticed a two-headed ogre
 11368 | D:12     | Killed a two-headed ogre
 11992 | D:12     | Reached skill level 14 in Invocations
 12208 | D:13     | Noticed a boulder beetle
 12231 | D:13     | Killed a boulder beetle
 12544 | D:13     | Noticed a storm dragon
 12545 | D:13     | Noticed a centaur warrior
 12600 | D:13     | Found Moygom's Jewellery Shoppe.
 12988 | D:13     | Noticed a centaur warrior
 12999 | D:13     | Killed a centaur warrior
 13223 | D:13     | Reached XP level 13. HP: 60/122 MP: 23/23
 13504 | D:13     | Killed a storm dragon
 13807 | D:13     | You fall into a shaft and drop 1 floor!
 14595 | Orc:1    | Entered Level 1 of the Orcish Mines
 14595 | Orc:1    | Noticed Maurice
 14595 | Orc:1    | Noticed an orc warlord
 14605 | D:12     | Killed Maurice
 14847 | D:12     | Killed an orc warlord
 14945 | D:12     | Gained mutation: You have large cloven feet. [potion of
                  | mutation]
 14945 | D:12     | Gained mutation: Your flesh is cold resistant. (rC+)
                  | [potion of mutation]
 14957 | Orc:1    | Reached skill level 15 in Invocations
 15100 | Orc:1    | Noticed Nergalle
 15105 | Orc:1    | Noticed Jorgrun
 15108 | Orc:1    | Killed Nergalle
 15122 | Orc:1    | Constricted to death by Jorgrun

Illustrated notes

Levels and vault maps discovered:
D:1:      dpeg_arrival_water_altar, layout_rooms
D:2:      layout_rooms, grunt_decor_fettered, reono_crystal_passage,
          uniq_terence
D:3:      layout_loops_ring, gammafunk_temple_overflow_forgotten,
          hellmonk_ecumenical_altar_run_dry, uniq_robin
D:4:      cheibrodos_greedy_goblins, layout_rooms, slow_altar_1,
          minmay_temple_entry_junction, serial_park_tiny_2,
          minmay_misc_feat_pillars
D:5:      minmay_opposing_rooms, layout_basic, nicolae_elevator_lobby_asterisk
D:6:      nicolae_cairo_tiling_large_dashed, layout_cave_pools,
          nicolae_ossuary_entry_false_entrances
D:7:      layout_basic, makhleb_heckhound_becter, nemelex_dance_club_becter,
          chequers_serial_rivers_micro_c
D:8:      layout_rooms, mainiacjoe_overflow_small_starburst, ashenzari_altar_1,
          serial_curves, eino_curves_02, eino_curves_04, abandoned_shop
D:9:      layout_long_grid, general_overflow_altar, nicolae_shop_gadgets
D:10:     layout_irregular_city, hellmonk_lair_entry_icy, gammafunk_ghost_grave,
          uniq_joseph
D:11:     layout_rooms, kennysheep_small_square, uniq_snorg, uniq_fannar
D:12:     layout_loops_ring, david_orc_2
D:13:     layout_irregular_city, minmay_shop_enchanted_jewellery,
          kennysheep_island_fort
D:14:     wander_river, layout_small_grid, david_vaults_4,
          kennysheep_flooded_box, serial_glass, glass_columns_b,
          glass_columns_b, glass_columns_a, glass_columns_a, glass_columns_b,
          glass_columns_a, glass_columns_c, glass_columns_b, uniq_kirke
Orc:1:    layout_caves, basic_altar, uniq_maurice, uniq_jorgrun, uniq_gastronok,
          uniq_nergalle

Skill      XL: |  1  2  3  4  5  6  7  8  9 10 11 12 13 |
---------------+----------------------------------------+-----
Axes           | 3 4 5 6 8 11 12 14 | 14.7
Fighting       | 4 5 6 8 10 11 12 13 | 13.9
Invocations    | 2 3 4 6 10 11 12 14 15 | 15.1
Armour         | 4 5 6 9 |  9.4
Dodging        | 2 3 4 |  4.1
Shields        | 4 6 |  6.5
Evocations     | 4 |  4.3

Action                   |  1- 3 |  4- 6 |  7- 9 | 10-12 | 13-15 || total
-------------------------+-------+-------+-------+-------+-------++-------
Melee: War axe           |    64 |   140 |   262 |   501 |   117 ||  1084
       Kick              |       |       |       |       |    16 ||    16
Invok: Stomp             |       |     1 |       |       |       ||     1
Evoke: Wand              |       |       |       |     8 |     1 ||     9
  Use: Scroll            |       |    10 |     6 |    13 |     4 ||    33
       Potion            |       |       |     1 |     4 |     3 ||     8
 Stab: Paralysed         |       |     3 |     6 |    86 |    20 ||   115
Armor: Scale mail        |    17 |       |       |       |       ||    17
       Chain mail        |     8 |    60 |    84 |    25 |       ||   177
       Plate armour      |       |       |       |   135 |    31 ||   166
Dodge: Dodged            |    32 |    82 |   140 |   296 |    51 ||   601
Block: Buckler           |    22 |    34 |    52 |   121 |    23 ||   252

Table legend: (Time is in decaauts)
 A = Elapsed time spent in this place.
 B = Non-inter-level travel time spent in this place.
 C = Inter-level travel time spent in this place.
 D = Time resting spent in this place.
 E = Time spent auto-exploring this place.
 F = Levels seen in this place.
 G = Mean time per level.
                   A        B        C        D        E       F      G
               +--------+--------+--------+--------+--------+-----+--------+
         Total |  15182 |  14683 |    499 |   3736 |   8667 |  16 |  948.9 |
       Dungeon |  14684 |  14186 |    498 |   3698 |   8453 |  14 | 1048.9 |
  Orcish Mines |    175 |    175 |      0 |      0 |    106 |   1 |  175.0 |
       Ossuary |    322 |    322 |      0 |     38 |    108 |   1 |  322.0 |
               +--------+--------+--------+--------+--------+-----+--------+

Top non-repeatable levels by time:
    D:13: 2304 daAuts
     D:5: 1476 daAuts
     D:7: 1404 daAuts
    D:10: 1364 daAuts
    D:12: 1347 daAuts
     D:9: 1047 daAuts
     D:2: 1006 daAuts
    D:11: 907 daAuts
     D:4: 887 daAuts
     D:8: 862 daAuts
     D:6: 728 daAuts
     D:3: 702 daAuts
     D:1: 625 daAuts
 Ossuary: 322 daAuts
   Orc:1: 175 daAuts
